 Dungeon Crawl Stone Soup version 0.30.0-5-g1a98f26d00 (webtiles) character file.

Game seed: 7169579882560302820

208 apoch the Chopper (level 5, -15/45 HPs)
             Began as a Minotaur Fighter on May 11, 2023.
             Demolished by an ogre
             ... wielding a +0 giant club
              (20 damage)
             ... on level 4 of the Dungeon.
             The game lasted 00:04:01 (2730 turns).

apoch the Chopper (Minotaur Fighter)                Turns: 2730, Time: 00:04:02

Health: -15/45     AC:  6    Str: 23    XL:     5   Next: 55%
Magic:  4/4        EV:  9    Int:  5    God:
Gold:   161        SH:  4    Dex:  9    Spells: 4/4 levels left

rFire   + + .        a - +1 war axe
rCold   + . .        c - +0 buckler
rNeg    . . .        b - +0 scale mail
rPois   .            (helmet restricted)
rElec   .            p - scarf {rC+ rF+}
rCorr   .            (no gloves)
SInv    .            (no boots)
Will    .....        (no amulet) Stlth
                     h - ring of protection from fire
HPRegen 0.27/turn    (no ring)
MPRegen 0.09/turn

%: no passive effects
@: no status effects
A: horns 2, retaliatory headbutt
a: no special abilities


You were on level 4 of the Dungeon.
You visited 1 branch of the dungeon, and saw 4 of its levels.

You collected 161 gold pieces.

Inventory:

Hand Weapons
 a - a +1 war axe (weapon)
 o - a +0 war axe
Missiles
 e - 3 stones (quivered)
Armour
 b - a +0 scale mail (worn)
 c - a +0 buckler (worn)
 p - a scarf of resistance (worn)
Jewellery
 h - a ring of protection from fire (left hand)
Potions
 d - 2 potions of might
 f - a potion of heal wounds {unknown}
 g - a potion of degeneration
 i - a potion of invisibility
 j - a potion of flight
 k - a potion of attraction {unknown}
 n - a potion of berserk rage {unknown}


   Skills:
 - Level 3.6 Fighting
 + Level 7.1 Axes
 - Level 3.6 Armour
 - Level 3.6 Shields


You had 4 spell levels left.
You didn't know any spells.
Your spell library contained the following spells:

 Spells                   Type           Power      Damage    Failure   Level
 Hailstorm                Conj/Ice       0%         3d3       99%         3
 Anguish                  Hex/Necr       0%         N/A       100%        4
 Cause Fear               Hex            0%         N/A       100%        4
 Ice Form                 Ice/Tmut       0%         N/A       100%        4
 Simulacrum               Ice/Necr       0%         N/A       100%        6
 Enfeeble                 Hex            0%         N/A       100%        7


Dungeon Overview and Level Annotations

Branches:
Dungeon (4/15)
 Temple: D:4-7

Altars:


Innate Abilities, Weirdness & Mutations

You have a pair of horns on your head.
You reflexively headbutt those who attack you in melee.


Message History

The stone hits the endoplasm but does no damage.
You slash the endoplasm!
You kill the endoplasm!
k - a metallic golden potion A kobold comes into view.
It is wielding a +0 club.
The kobold shouts!
You throw a stone. The stone barely misses the kobold.
You throw a stone. The stone barely misses the kobold.
The kobold throws a stone.
The stone hits you but does no damage.
You throw a stone.
The stone hits the kobold but does no damage.
The kobold throws a stone.
The stone closely misses you.
You throw a stone. The stone closely misses the kobold.
You throw a stone.
The stone hits the kobold but does no damage.
You hit the kobold.
You kill the kobold!
e - 4 stones
Things that are here:
a +0 club; a kobold corpse An ogre comes into view.
It is wielding a +0 giant club.
The ogre shouts!
You hear a shout!
An ogre is nearby!
You throw a stone. The stone hits the ogre.
The ogre is lightly wounded.
You barely miss the ogre.
The ogre is lightly wounded.
The ogre barely misses you.
You hit the ogre. Your headbutt misses the ogre.
The ogre is lightly wounded.
The ogre hits you with a +0 giant club!
You completely miss the ogre. You headbutt the ogre.
The ogre is moderately wounded.
The ogre hits you with a +0 giant club!!
Ouch! That really hurt!
* * * LOW HITPOINT WARNING * * *
You are too injured to fight recklessly!
The ogre attacks as you move away!
The ogre hits you with a +0 giant club!!
You die...

#### ...#
##.###### ##.#
........# #.# #O#
##.#############@#
..............##.#
.#.##########.##.#
.#.# #.).......#
.#.# #.####.####
.#.# #.# #.# .#.#
#.# #.# .#.#####.#
#.. ##.......# ###


You could see an ogre.

Vanquished Creatures
  An ogre (D:4)
  3 gnolls
  2 adders
  2 worms
  A dart slug (D:2)
  3 bats
  9 endoplasms
  7 giant cockroaches
  2 goblins
  8 hobgoblins
  4 quokkas (D:2)
  8 ball pythons
  3 frilled lizards (D:3)
  9 kobolds
  6 rats
68 creatures vanquished.

Notes
Turn   | Place    | Note
-------+----------+-------------------------------------------
     0 | D:1      | apoch the Minotaur Fighter began the quest for the Orb.
     0 | D:1      | Reached XP level 1. HP: 19/19 MP: 0/0
   104 | D:1      | Reached skill level 3 in Axes
   150 | D:1      | Reached XP level 2. HP: 26/26 MP: 1/1
   604 | D:2      | Reached skill level 4 in Axes
   611 | D:2      | Reached XP level 3. HP: 24/31 MP: 2/2
   993 | D:2      | Reached skill level 5 in Axes
  1093 | D:1      | Reached XP level 4. HP: 30/39 MP: 3/3
  1827 | D:3      | Reached skill level 6 in Axes
  2584 | D:4      | Noticed an ogre
  2598 | D:4      | Killed an ogre
  2599 | D:4      | Reached skill level 7 in Axes
  2599 | D:4      | Reached XP level 5. HP: 34/45 MP: 4/4
  2724 | D:4      | Noticed an ogre
  2730 | D:4      | Demolished by an ogre

Illustrated notes

Levels and vault maps discovered:
D:1:      ldierk_walled_garden, layout_rooms, kennysheep_flooded_box
D:2:      layout_rooms
D:3:      layout_basic, minmay_door_square
D:4:      minmay_chambers_of_twos, layout_loops_ring, lemuel_crystal_altar,
          uniq_ijyb

Skill      XL: |  1  2  3  4 |
---------------+-------------+-----
Axes           | 3 4 5 7 |  7.1
Fighting       | |  3.6
Armour         | |  3.6
Shields        | |  3.6

Action                     |  1- 3 |  4- 6 || total
---------------------------+-------+-------++-------
  Melee: War axe           |    79 |    68 ||   147
         Headbutt          |    12 |     4 ||    16
  Throw: Stone             |     9 |    26 ||    35
    Use: Scroll            |       |     7 ||     7
         Potion            |       |     1 ||     1
 Armour: Scale mail        |    30 |    20 ||    50
  Dodge: Dodged            |    44 |    16 ||    60
  Block: Buckler           |    12 |    12 ||    24
